 BcadrenCrawl: Boulder Brew version 0.04.2-19-ga012a504bd (webtiles) character file.

Game seed: 13345676485165287677, levelgen mode: deterministic

1626 st0uf the Ducker (level 8, 68/68 HPs) White Draconian Demonspawn. Began on May 23, 2021. Quit the game on level 2 of the Dungeon. The game lasted 00:27:15 (3261 turns).

st0uf the Ducker (White Draconian Demonspawn)       Turns: 3261, Time: 00:27:16

Health: 68/68      AC:  7    Str: 17    XL:     8 ^: 475
Magic:  16/16      EV: 10    Int: 14    God:
Gold:   125        SH:  4    Dex: 11    Spells: 16/17 levels left

rFire    . . .     Vision   .   p - +0 targe
rCold    + . .     Gourm    .   q - +0 buckler
rNeg     . . .     Faith    .   (armour unavailable)
rPois    .         Spirit   .   (helmet restricted)
rElec    .         Reflect  .   (no cloak)
rCorr    .         Harm     .   (no gloves)
MR       .....                  (boots unavailable)
Stlth    +.........             n - amulet of regeneration
HPRegen  0.72/turn              (no ring)
MPRegen  0.26/turn              (no ring)

@: studying Whips & Flails
A: no body armour, unfitting armour, hooves 3, demonic guardian 1, cold-blooded,
ice enhancer 1, rC+, AC +7
a: Breathe Frost


You were on level 2 of the Dungeon.
You were hungry.

You visited 1 branch of the dungeon, and saw 3 of its levels.

You collected 125 gold pieces.

Inventory:

Shields
 p - a +0 targe (weapon)
 q - a +0 buckler (shield)
Jewellery
 i - an uncursed amulet of the acrobat
 n - an amulet of regeneration (around neck)
Wands
 o - a wand of ensnaring (1)
Scrolls
 e - a scroll of fear
 f - a scroll of teleportation
 h - a scroll of blinking
 j - a scroll of silence
 l - a scroll of acquirement
 m - a scroll of immolation
Potions
 a - 2 potions of lignification
 c - 3 potions of heal wounds
 d - a potion of resistance
 g - a potion of haste
 k - 3 potions of curing
Comestibles
 b - 6 rations


   Skills:
 * Level 5.2 Fighting
 + Level 5.7 Dodging
 - Level 2.0 Stealth
 + Level 4.5 Unarmed Combat
 - Level 5.4 Spellcasting
 - Level 1.5 Fire Magic
   Level 3.0 Invocations


You had 16 spell levels left.
You knew the following spells:

 Your Spells              Type           Power        Failure   Level  Hunger
a - Flame Tongue          Fire           8 (30)       82%         1    None

Your spell library contained the following spells:

 Spells                   Type           Power        Failure   Level  Hunger
 Blink                    Tloc           N/A          99%         2    ##.....
 Call Imp                 Summ           3 (100)      99%         2    ##.....
 Slow                     Hex            3 (100)      99%         2    ##.....
 Conjure Flame            Fire           8 (100)      99%         3    ###....
 Mephitic Cloud           Pois/Air       3 (100)      100%        3    ###....


Dungeon Overview and Level Annotations

Branches:
Dungeon (3/8)

Altars:
Elyvilon

Shops:
D:2 ?


Innate Abilities, Weirdness & Mutations

You cannot fit into any form of body armour.
Your icy white scales are resilient. (AC +7)
You can breathe puffs of frost.
You have hooves in place of feet.
A weak demonic guardian rushes to your aid.
You are cold-blooded and may be slowed by cold attacks.
You are in touch with the powers of ice.
Your icy white scales grant you resistance to cold and ice. (rC+)


Message History

You open the door.
There is an open door here.
There is a stone staircase leading up here.
You climb upwards.
There is a stone staircase leading down here.
You enter the shallow water.
Moving in this stuff is going to be slow.
You enter the shallow water.
Moving in this stuff is going to be slow.
You enter the shallow water.
Moving in this stuff is going to be slow.
You see here a +0 buckler.
Okay, then.
q - a +0 buckler Unknown command.
There are no items here.
You aren't carrying any wearable armour.
Wield which item (- for none, * to show all)? (? for menu, Esc to quit)
q - a +0 buckler (shield) Are you sure you want to abandon this character and quit the game? (Confirm with "yes".)

≈≈≈.≈≈≈≈≈≈≈≈≈≈.≈≈≈≈≈≈≈≈≈≈≈≈.≈≈≈≈≈
≈≈..)≈≈≈≈≈≈≈≈.≈....≈≈≈≈≈≈≈.b.....
.#.)###≈##########..≈≈≈≈≈..#≈#≈..
)...##;.≈≈.#≈###;#≈≈.≈≈≈≈P#≈....≈
............)..##≈≈≈..≈≈≈≈.#...##
.....≈≈≈.≈...)..##≈≈≈.≈≈≈.#≈..##.
.....≈#####.#..###≈P≈≈≈≈.≈##..#≈≈
...≈.##..####.≈..#P≈≈≈≈≈≈.###.###
≈..≈##.≈..##.)..@#≈b≈≈≈≈≈.#≈####.
≈.###.≈≈≈.#..)#≈.≈P≈≈≈≈≈≈.....##≈
#####..≈..#!)≈####≈≈b≈≈≈≈....≈≈..
≈.≈##.....#≈### #≈≈≈≈≈≈≈.#.≈#...
....#.....)≈# #.≈≈≈....#..####
.≈#≈##....### #.....≈P..≈≈#
.≈###.#...#### #.≈≈.≈≈≈..≈##
####.###.##..### #≈≈≈.≈≈≈.#.#
#####.#####PP..# #≈≈≈..≈≈≈#≈#


There were no monsters in sight!

Vanquished Creatures
  Prince Ribbit (D:3)
  Sigmund (D:3)
  A slime creature (D:2)
  Edmund (D:3)
  A porcupine (D:3)
  2 big kobolds (D:2)
  An orc priest (D:3)
  4 jellies
  An orc wizard (D:3)
  An iguana (D:3)
  A worker ant (D:3)
  3 giant cockroaches (D:1)
  2 shadow imps (D:3)
  4 adders
  2 gnolls (D:1)
  28 sewer rats (D:2)
  7 cinder newts
  5 worms
  2 oozes
  2 dart slugs (D:1)
  8 leopard geckos
  5 orcs (D:3)
  An adder skeleton (D:2)
  2 ball pythons (D:2)
  3 goblins (D:1)
  8 hobgoblins (D:1)
  2 jackals (D:2)
  A ball python skeleton (D:2)
  11 bats
  A bat skeleton (D:2)
  19 kobolds
  4 rats
135 creatures vanquished.

Vanquished Creatures (collateral kills)
  2 big kobolds (D:2)
  A jelly (D:2)
  4 sewer rats (D:2)
  A cinder newt (D:2)
  5 kobolds (D:2)
13 creatures vanquished.

Vanquished Creatures (others)
  A kobold skeleton (D:2)
  A slimehead (D:2)
  149 withered plants (D:2)
151 creatures vanquished.

Grand Total: 299 creatures vanquished

Notes
Turn   | Place    | Note
-------+----------+-------------------------------------------
     0 | D:1      | st0uf the Immature Draconian Demonspawn began the quest for
                  | the Orb.
     0 | D:1      | Reached XP level 1. HP: 16/16 MP: 3/3
    30 | D:1      | Gained mutation: A weak demonic guardian rushes to your
                  | aid. [demonic ancestry]
    30 | D:1      | Reached XP level 2. HP: 13/23 MP: 4/4
   168 | D:1      | Gained mutation: You have large cloven feet. [demonic
                  | ancestry]
   168 | D:1      | Reached XP level 3. HP: 29/29 MP: 4/6
   336 | D:1      | Gained mutation: You have hoof-like feet. [demonic
                  | ancestry]
   336 | D:1      | Reached XP level 4. HP: 36/36 MP: 7/7
   926 | D:1      | Gained mutation: You have hooves in place of feet. [demonic
                  | ancestry]
   926 | D:1      | Reached XP level 5. HP: 31/42 MP: 7/9
  1299 | D:2      | Reached XP level 6. HP: 15/51 MP: 10/10
  1524 | D:2      | Noticed a slime creature
  1538 | D:2      | Killed a slime creature
  1538 | D:2      | Your scales start taking on an icy white colour.
  1538 | D:2      | Reached XP level 7. HP: 27/58 MP: 11/13
  1538 | D:2      | Gained mutation: Your icy white scales grant you resistance
                  | to cold and ice. (rC+) [White Draconian growth]
  1538 | D:2      | Gained mutation: You are in touch with the powers of ice.
                  | [White Draconian growth]
  1568 | D:2      | Reached skill level 5 in Dodging
  1970 | D:2      | Found Botoap's Magic Scroll Shop.
  2572 | D:2      | Identified a scroll of acquirement
  2576 | D:2      | Found a white marble altar of Elyvilon.
  2707 | D:2      | Reached XP level 8. HP: 50/67 MP: 15/15
  2858 | D:3      | Noticed Edmund
  2899 | D:3      | Killed Edmund
  2981 | D:3      | Noticed Sigmund
  2990 | D:3      | Killed Sigmund
  2990 | D:3      | Reached skill level 5 in Spellcasting
  3083 | D:3      | Noticed Prince Ribbit
  3133 | D:3      | Reached skill level 5 in Fighting
  3139 | D:3      | Killed Prince Ribbit
  3261 | D:2      | Quit the game

Levels and vault maps discovered:
D:1:      lightli_arrival_flooded_house, layout_basic
D:2:      layout_sewer, elyvilon_niche, serial_shops, nicolae_shop_waterfront
D:3:      layout_basic, first_ration, uniq_sigmund, uniq_prince_ribbit1,
          uniq_edmund

Skill      XL: |  1  2  3  4  5  6  7  8 |
---------------+-------------------------+-----
Spellcasting   | 2 3 4 5 |  5.4
Fighting       | 2 3 4 5 |  5.2
Dodging        | 3 4 5 |  5.7
Stealth        | 2 |  2.0
Unarmed Combat | 2 4 |  4.5
Fire Magic     | |  1.5
Invocations    | |  3.0

Action                   |  1- 3 |  4- 6 |  7- 9 || total
-------------------------+-------+-------+-------++-------
Melee: Unarmed           |   109 |   446 |   354 ||   909
       Tailslap          |     4 |    16 |    20 ||    40
       Kick              |     7 |    38 |    46 ||    91
 Abil: Breathe Frost     |       |       |     6 ||     6
 Stab: Sleeping          |       |     2 |     3 ||     5
       Distracted        |       |     1 |     1 ||     2
  Eat: Chunk             |       |     3 |     7 ||    10
Armor: Skin              |     1 |    25 |    24 ||    50
Dodge: Dodged            |    25 |   116 |    76 ||   217
